 Dungeon Crawl Stone Soup version 0.19-a0-1002-g674d22e (webtiles) character file.

338 LordPoison the Ruffian (level 6, -4/53 HPs)
             Began as a Draconian Monk on July 19, 2016.
             Slain by an ogre
             ... wielding a +0 giant spiked club
              (22 damage)
             ... on level 4 of the Dungeon.
             The game lasted 00:11:06 (3721 turns).

LordPoison the Ruffian (Draconian Monk)             Turns: 3721, Time: 00:11:07

Health: -4/53      AC:  8    Str: 16      XL:     6   Next: 29%
Magic:  6/6        EV: 13    Int:  9 (10) God:
Gold:   86         SH:  4    Dex: 13      Spells: 0 memorised, 5 levels left

rFire  + . .     SeeInvis .       - Unarmed
rCold  x . .     Gourm    .     (armour unavailable)
rNeg   . . .     Faith    .     t - +0 buckler
rPois  .         Spirit   .     (helmet restricted)
rElec  .         Dismiss  .     (no cloak)
rCorr  .         Reflect  .     (no gloves)
SustAt .         Harm     .     (no boots)
MR     .....                    (no amulet)
Stlth  ++........               p - +2 ring of protection
                                f - ring of fire

@: not resistant to hostile enchantments, unstealthy
A: unfitting armour, cold-blooded, AC +6
a: no special abilities


You were on level 4 of the Dungeon.
You were not hungry.

You visited 1 branch of the dungeon, and saw 4 of its levels.

You collected 86 gold pieces.

Inventory:

Armour
 t - a +0 buckler (worn)
Jewellery
 f - a ring of fire (left hand)
 p - a +2 ring of protection (right hand)
Scrolls
 b - 3 scrolls of random uselessness {unknown}
 c - a scroll of immolation {unknown}
 d - a scroll of noise {unknown}
 e - a scroll of fear {unknown}
 h - a scroll of magic mapping {unknown}
 i - a scroll of amnesia {unknown}
 k - 2 scrolls of identify {unknown}
 l - 4 scrolls of remove curse {unknown}
 r - 2 scrolls of fog {unknown}
 v - a scroll of enchant armour {unknown}
Potions
 g - a potion of heal wounds {unknown}
 j - 2 potions of curing {unknown}
 m - a potion of ambrosia {unknown}
 n - a potion of haste {unknown}
 s - a potion of agility {unknown}
Comestibles
 a - 3 bread rations
 o - a royal jelly
 q - a meat ration
 u - a chunk of flesh


   Skills:
 + Level 4.6 Fighting
 + Level 4.0 Dodging
 - Level 1.7 Stealth
 + Level 1.5 Shields
 + Level 5.1 Unarmed Combat


You had 5 spell levels left.
You didn't know any spells.

Dungeon Overview and Level Annotations

Branches:
Dungeon (4/15)
 Temple: D:4-7

Altars:
Ashenzari


Innate Abilities, Weirdness & Mutations

Your plain brown scales are hard. (AC +6)
Your body does not fit into most forms of armour.
You are cold-blooded and may be slowed by cold attacks.


Message History

The orc closely misses you.
You hit the orc wizard.
The orc wizard is moderately wounded.
The orc wizard points at you and mumbles some strange words.
The magic dart hits you! The orc wizard closely misses you.
The orc hits you with a dagger.
You hit the orc wizard.
The orc wizard is severely wounded.
The orc wizard mumbles some strange words.
The orc wizard blinks!
The orc wizard hits you but does no damage.
The orc barely misses you.
You completely miss the orc wizard.
The orc wizard is severely wounded.
The ogre hits you with a giant spiked club!
You hit the orc wizard but do no damage.
The orc wizard is severely wounded.
The orc closely misses you.
The ogre hits you with a giant spiked club!!
You die...

#.... #.... #.... #....
. #.... .. #.... ...
#.... .... #########
#.... ..oo. #@o.....#
#.... ......#Oo.....#
#.... ......'o......#
#....
.....o#...##+#######....
......#...#.............
..... #...#.............
..... #...#.............
.... #...#.............
.... #...'.............


You could see an ogre, an orc priest, an orc wizard and 2 orcs.

Vanquished Creatures
  An ogre (D:4)
  An orc priest (D:3)
  A hound (D:4)
  An orc wizard (D:3)
  Robin (D:2)
  3 gnolls
  2 adders (D:2)
  An ooze (D:2)
  An adder skeleton (D:4)
  4 worms
  3 giant geckos (D:2)
  8 orcs (D:3)
  2 ball pythons (D:2)
  2 giant cockroaches
  13 goblins
  14 hobgoblins
  6 jackals (D:2)
  3 kobolds
  A quokka (D:2)
  5 bats
  3 giant newts
  2 rats
  A bush (D:2)
79 creatures vanquished.

Notes
Turn   | Place    | Note
-------+----------+-------------------------------------------
     0 | D:1      | LordPoison the Draconian Monk began the quest for the Orb.
     0 | D:1      | Reached XP level 1. HP: 19/19 MP: 1/1
   651 | D:1      | Reached XP level 2. HP: 26/26 MP: 2/2
   744 | D:2      | Noticed Robin
   768 | D:2      | Reached XP level 3. HP: 25/31 MP: 3/3
   783 | D:2      | Killed Robin
  1077 | D:2      | Found a shattered altar of Ashenzari.
  1120 | D:2      | Reached skill level 4 in Unarmed Combat
  1125 | D:2      | Reached XP level 4. HP: 28/40 MP: 4/4
  2602 | D:3      | Reached XP level 5. HP: 33/46 MP: 5/5
  3315 | D:4      | Noticed an ogre
  3334 | D:4      | Killed an ogre
  3334 | D:4      | Reached skill level 1 in Shields
  3334 | D:4      | Reached skill level 5 in Unarmed Combat
  3334 | D:4      | Reached XP level 6. HP: 12/53 MP: 6/6
  3721 | D:4      | Slain by an ogre

Vault maps used:
D:1:      dpeg_arrival_boxorama, serial_curves, eino_curves_01, eino_curves_02
D:2:      evilmike_ruin_ashenzari, serial_forest, infiniplex_forest_clump_tiny,
          infiniplex_forest_clump_long, infiniplex_forest_end_2,
          infiniplex_forest_clump_diagonal, infiniplex_forest_lined_3_way,
          infiniplex_forest_lined_ring, infiniplex_forest_straight_5,
          first_bread, uniq_robin
D:4:      nicolae_ru_great_annihilating_truth, uniq_edmund

Skill      XL: |  1  2  3  4  5 |
---------------+----------------+-----
Dodging        | 3 4 |  4.0
Unarmed Combat | 4 5 |  5.1
Fighting       | 4 |  4.6
Shields        | 1 |  1.5
Stealth        | |  1.7

Action                   |  1- 3 |  4- 6 || total
-------------------------+-------+-------++-------
Melee: Unarmed           |   103 |   386 ||   489
       Tailslap          |    12 |    82 ||    94
       Punch             |       |    13 ||    13
  Use: Potion            |     2 |       ||     2
 Stab: Sleeping          |     2 |     2 ||     4
  Eat: Chunk             |     1 |     9 ||    10
Armor: Skin              |    17 |    39 ||    56
Dodge: Dodged            |    57 |   138 ||   195
Block: Buckler           |       |     3 ||     3
